 Dungeon Crawl Stone Soup version 0.17.2-1-ge4368a0 (webtiles) character file.

92 ololoev the Chopper (level 4, 24/35 HPs)
             Began as a Demonspawn Berserker on July 28, 2016.
             Was a Believer of Trog.
             Quit the game on level 3 of the Dungeon.
             The game lasted 00:02:32 (385 turns).

ololoev the Chopper (Demonspawn Berserker)           Turns: 385, Time: 00:02:32

Health: 24/35      AC: 15    Str: 18    XL:     4   Next: 35%
Magic:  4/4        EV:  6    Int:  9    God:    Trog [**....]
Gold:   8          SH:  0    Dex: 12    Spells: 0 memorised, 3 levels left

rFire  . . .     SeeInvis .     a - +0 war axe
rCold  . . .     Clarity  .     j - +0 plate armour
rNeg   . . .     SustAt   .     (no shield)
rPois  .         Gourm    .     (no helmet)
rElec  .         Spirit   .     (no cloak)
rCorr  .         Warding  .     (no gloves)
rMut   .         Stasis   .     (no boots)
MR     .....                    (no amulet)
Stlth  ..........               (no ring)
                                (no ring)

@: exhausted, slowed, very slow, not resistant to hostile enchantments,
extremely unstealthy
A: iridescent scales 1, spiny 1, rot immunity
a: Berserk, Trog's Hand, Burn Spellbooks, Renounce Religion


Innate Abilities, Weirdness & Mutations

You are partially covered in iridescent scales (AC +4).
You are partially covered in sharp spines.
You are immune to rotting.

Inventory:

Hand Weapons
 a - a +0 war axe (weapon)
Armour
 j - a +0 plate armour (worn)
Scrolls
 b - a scroll of immolation {unknown}
 d - 3 scrolls of identify {unknown}
 g - a scroll of blinking {unknown}
 i - 2 scrolls of random uselessness {unknown}
Potions
 e - 2 potions of curing {unknown}
 h - a potion of brilliance {unknown}
Comestibles
 c - a bread ration
 f - 2 meat rations
 k - a chunk of flesh


   Skills:
 - Level 3.0 Fighting
 * Level 3.6 Axes
 + Level 2.6 Armour
 + Level 2.7 Dodging


You had 3 spell levels left.
You didn't know any spells.


You were on level 3 of the Dungeon.
You worshipped Trog.
Trog was pleased with you.
You were hungry.

You visited 1 branch of the dungeon, and saw 3 of its levels.

You collected 8 gold pieces.

#### ..# ##.... ...
##.....##.# #.....(...#
#.........# #.......#.#
##......).# #......))@#
#.# #.......))# #..#
#.........##########..#
##.....##.............####
......# ###[..............
.....# #...............
..... .## ###.............
###. .... ##.............
#. #..#..[...........

Notes
Turn   | Place    | Note
--------------------------------------------------------------
     0 | D:1      | ololoev the Demonspawn Berserker began the quest for the Orb.
     0 | D:1      | Reached XP level 1. HP: 18/18 MP: 1/1
   138 | D:2      | Gained mutation: You are immune to rotting. [demonic ancestry]
   138 | D:2      | Reached XP level 2. HP: 24/24 MP: 2/2
   207 | D:2      | Gained mutation: You are partially covered in iridescent scales (AC +4). [demonic ancestry]
   207 | D:2      | Reached XP level 3. HP: 21/29 MP: 3/3
   207 | D:2      | Reached ** piety under Trog
   384 | D:3      | Gained mutation: You are partially covered in sharp spines. [demonic ancestry]
   384 | D:3      | Reached XP level 4. HP: 24/35 MP: 4/4
   385 | D:3      | Quit the game

Dungeon Overview and Level Annotations

Branches:
Dungeon (3/15)

Altars:


Message History

The orc wizard hits you but does no damage.
The kobold hits you but does no damage.
The orc wizard hits you but does no damage.
Unknown command.
Unknown command.
You closely miss the orc wizard.
The orc wizard is severely wounded.
You closely miss the kobold. The kobold hits you but does no damage.
The orc wizard hits you but does no damage. x2
The kobold hits you but does no damage.
Unknown command.
You closely miss the orc wizard.
The orc wizard is severely wounded.
You hit the kobold but do no damage. The kobold barely misses you.
The orc wizard hits you but does no damage. x2
The kobold hits you with a short sword.
Unknown command.
You closely miss the orc wizard.
The orc wizard is severely wounded.
Your plate armour prevents you from hitting the kobold.
The orc wizard hits you but does no damage.
The kobold hits you but does no damage.
The orc wizard hits you but does no damage.
Unknown command.
You closely miss the orc wizard.
The orc wizard is severely wounded.
You hit the kobold.
You kill the kobold!
Trog accepts your kill.
The orc wizard hits you but does no damage. x2
Unknown command.
You slash the orc wizard!
You kill the orc wizard!
Trog accepts your kill.
Trog appreciates your killing of a magic user.
You have reached level 4!
You feel clever.
Your demonic ancestry asserts itself...
Sharp spines emerge from parts of your body.
Unknown command.
Are you sure you want to abandon this character and quit the game? (Confirm with "yes".)

There were no monsters in sight!

Vanquished Creatures
  An orc wizard (D:3)
  2 adders (D:2)
  A gnoll (D:2)
  A worm (D:3)
  A giant gecko (D:2)
  4 orcs (D:3)
  A bat (D:2)
  5 giant cockroaches
  2 hobgoblins (D:3)
  5 kobolds
  A goblin (D:2)
  3 jackals (D:2)
  6 rats
33 creatures vanquished.

Action                   |  1- 3 |  4- 6 || total
-------------------------+-------+-------++-------
Melee: Hand axe          |    53 |       ||    53
       War axe           |    47 |       ||    47
Invok: Berserk           |     3 |       ||     3
 Stab: Sleeping          |     1 |       ||     1
  Eat: Chunk             |     1 |       ||     1

Vault maps used:
D:1:      minmay_arrival_diagonal_passages, minmay_fountain_box
D:2:      hangedman_feature_mirror
D:3:      old_standard_altar, first_bread, minivault_5
